 Dungeon Crawl Stone Soup version 0.20-a0-11-ga97c7b5 (webtiles) character file.

126 JustSomeDude the Skirmisher (level 4, -6/35 HPs)
             Began as a Demonspawn Fighter on Nov 1, 2016.
             Killed by divine providence
             ... invoked by an orc priest
              (12 damage)
             ... on level 3 of the Dungeon on Nov 2, 2016.
             The game lasted 00:07:26 (1856 turns).

JustSomeDude the Skirmisher (Demonspawn Fighter)    Turns: 1856, Time: 00:07:26

Health: -6/35      AC:  7    Str: 17    XL:     4   Next: 84%
Magic:  4/4        EV:  7    Int:  9    God:
Gold:   113        SH:  9    Dex: 13    Spells: 0 memorised, 3 levels left

rFire  . . .     SeeInvis .     a - +0 trident
rCold  . . .     Gourm    .     b - +0 scale mail
rNeg   . . .     Faith    .     c - +0 shield
rPois  .         Spirit   .     (helmet restricted)
rElec  .         Reflect  .     (no cloak)
rCorr  .         Harm     .     (no gloves)
MR     +....                    (no boots)
Stlth  ..........               (no amulet)
                                k - +1 ring of protection
                                j - ring of protection from magic

@: no status effects
A: antennae 1, claws 1, powered by pain 1
a: no special abilities


You were on level 3 of the Dungeon.
You were hungry.

You visited 1 branch of the dungeon, and saw 3 of its levels.

You collected 113 gold pieces.

Inventory:

Hand Weapons
 a - a +0 trident (weapon)
Armour
 b - a +0 scale mail (worn)
 c - a +0 shield (worn)
Jewellery
 j - a ring of protection from magic (left claw)
 k - a +1 ring of protection (right claw)
 u - a cursed -2 ring of evasion {unknown}
Scrolls
 e - 3 scrolls of teleportation {unknown}
 l - 2 scrolls of recharging {unknown}
 p - a scroll of enchant weapon {unknown}
 t - a scroll of magic mapping {unknown}
Potions
 d - 3 potions of might
 g - a potion of mutation {unknown}
 h - a potion of curing {unknown}
 i - a potion of lignification {unknown}
 n - a potion of heal wounds {unknown}
 o - a potion of ambrosia {unknown}
 r - a potion of degeneration {unknown}
 v - a potion of berserk rage {unknown}
Comestibles
 f - 2 bread rations
 m - a chunk of flesh
 q - a meat ration
 s - 3 fruits


   Skills:
 + Level 3.4 Fighting
 + Level 2.8 Polearms
 + Level 3.3 Armour
 + Level 1.3 Dodging
 + Level 3.3 Shields


You had 3 spell levels left.
You didn't know any spells.

Dungeon Overview and Level Annotations

Branches:
Dungeon (3/15)

Altars:
Uskayaw
Xom


Innate Abilities, Weirdness & Mutations

You have a pair of small antennae on your head.
You have sharp fingernails.
You sometimes gain a little power by taking damage.


Message History

You block the orc priest's attack. The orc barely misses you.
You hit the orc priest but do no damage.
You are feeling hungry.
You block the orc's attack. You block the orc priest's attack.
The orc hits you but does no damage.
You hit the orc priest.
The orc priest is moderately wounded.
You block the orc's attack.
The orc priest hits you with a short sword.
You block the orc's attack. The orc hits you with a dagger.
You puncture the orc priest!
The orc priest is almost dead.
The orc priest invokes the aid of Beogh against you.
Beogh smites you! The orc hits you with a hand axe.
* * * LOW HITPOINT WARNING * * *
The orc hits you with a dagger.
* * * LOW HITPOINT WARNING * * *
The orc priest invokes the aid of Beogh against you.
Beogh smites you!
You die...

####.## #.#...
#.#...#######....< #
.#................ #.
#.#...#.######.... #..
#.##.##.# #...#
#...###.##.##.# #....
#......K......######....
#.....ooo..#............
##.####@####.#######....
#.# #.# #.#.. #.# #.
#.#.. #.# .#... #.#
##.##. #!# #.... ..#
#.### #.# #


You could see an orc priest, 2 orcs and a kobold.

Vanquished Creatures
  7 adders
  An ooze (D:1)
  2 dart slugs (D:1)
  2 leopard geckos
  An orc (D:3)
  A ball python (D:1)
  2 giant cockroaches
  A goblin (D:1)
  8 hobgoblins
  6 jackals
  2 quokkas
  7 bats
  3 frilled lizards (D:2)
  3 kobolds
  7 rats
53 creatures vanquished.

Notes
Turn   | Place    | Note
-------+----------+-------------------------------------------
     0 | D:1      | JustSomeDude the Demonspawn Fighter began the quest for the Orb.
     0 | D:1      | Reached XP level 1. HP: 18/18 MP: 1/1
   102 | D:1      | Gained mutation: You have sharp fingernails. [demonic ancestry]
   102 | D:1      | Reached XP level 2. HP: 24/24 MP: 2/2
   320 | D:1      | Found a shimmering altar of Xom.
   322 | D:1      | Found a sparkling altar of Nemelex Xobeh.
   322 | D:1      | Found a hazy altar of Hepliaklqana.
   328 | D:1      | Found an opulent altar of Gozag.
   328 | D:1      | Found a radiant altar of Vehumet.
   328 | D:1      | Found a radiant altar of Vehumet.
   453 | D:1      | Upgraded the game from 0.20-a0-9-g62d82d9 to 0.20-a0-11-ga97c7b5
   805 | D:2      | Gained mutation: You sometimes gain a little power by taking damage. [demonic ancestry]
   805 | D:2      | Reached XP level 3. HP: 23/29 MP: 3/3
  1079 | D:2      | Gained mutation: You have a pair of small antennae on your head. [demonic ancestry]
  1079 | D:2      | Reached XP level 4. HP: 18/35 MP: 4/4
  1210 | D:2      | Reached skill level 1 in Dodging
  1450 | D:2      | Found a hide-covered altar of Uskayaw.
  1856 | D:3      | Killed from afar by an orc priest

Vault maps used:
D:1:      lemuel_arrival_lava_pool, doesnt_xom_only_xom
D:2:      eat_drink_and_be_merry_uskayaw, minivault_14, serial_bayou_pond_a
D:3:      minmay_ogre_servants

Skill      XL: |  1  2  3  4 |
---------------+-------------+-----
Armour         | 3 |  3.3
Shields        | 3 |  3.3
Polearms       | 2 |  2.8
Dodging        | 1 |  1.3
Fighting       | |  3.4

Action                   |  1- 3 |  4- 6 || total
-------------------------+-------+-------++-------
Melee: Trident           |   108 |   116 ||   224
  Eat: Chunk             |     1 |     2 ||     3
Armor: Scale mail        |    46 |    57 ||   103
Dodge: Dodged            |    37 |    33 ||    70
Block: Shield            |    43 |    70 ||   113
